 Seeded DCSS version 0.29-a0-384-g6960b1960d (webtiles) character file.

Game seed: 13605594255664981076 (custom seed)

378 thiscave3701365 the Skirmisher (level 6, -5/56 HPs)
             Began as a Minotaur Berserker on May 6, 2022.
             Was a Believer of Trog.
             Slain by a gnoll
             ... wielding a +0 spear
              (6 damage)
             ... on level 4 of the Dungeon.
             The game lasted 00:04:06 (6075 turns).

thiscave3701365 the Skirmisher (Minotaur Berserker) Turns: 6075, Time: 00:04:06

Health: -5/56      AC:  2    Str: 24    XL:     6   Next: 45%
Magic:  5/5        EV: 12    Int:  4    God:    Trog [**....]
Gold:   174        SH:  0    Dex:  9    Spells: 5/5 levels left

rFire   . . .      SeeInvis .   a - +0 hand axe
rCold   . . .      Faith    .   (no shield)
rNeg    . . .      Spirit   .   b - +0 animal skin
rPois   .          Reflect  .   (helmet restricted)
rElec   .          Harm     .   (no cloak)
rCorr   .          Rampage  .   (no gloves)
Will    .....                   (no boots)
Stlth   +.........              (no amulet)
HPRegen 0.18/turn               (no ring)
MPRegen 0.09/turn               (no ring)

@: no status effects
A: horns 2, retaliatory headbutt
a: Renounce Religion, Berserk, Trog's Hand


You were on level 4 of the Dungeon.
You worshipped Trog.
Trog was pleased with you.
You visited 1 branch of the dungeon, and saw 4 of its levels.

You collected 174 gold pieces.

Inventory:

Hand Weapons
 a - a +0 hand axe (weapon)
Armour
 b - a +0 animal skin (worn)
Jewellery
 o - a ring of protection from cold
Wands
 t - a wand of charming (10)
Scrolls
 d - a scroll of immolation {unknown}
 e - 6 scrolls of identify {unknown}
 g - a scroll of blinking {unknown}
 h - 2 scrolls of fog {unknown}
 i - 2 scrolls of vulnerability {unknown}
 k - 2 scrolls of poison {unknown}
 p - a scroll of torment {unknown}
 q - a scroll of teleportation {unknown}
Potions
 c - a potion of brilliance {unknown}
 f - 2 potions of haste {unknown}
 j - a potion of flight {unknown}
 l - a potion of might {unknown}
 m - a potion of ambrosia {unknown}
 r - a potion of heal wounds {unknown}
 s - a potion of mutation {unknown}


   Skills:
 + Level 5.4 Fighting
 + Level 5.3 Axes
 + Level 4.7 Armour
 + Level 4.1 Dodging


You had 5 spell levels left.
You didn't know any spells.
Your spell library was empty.

Dungeon Overview and Level Annotations

Branches:
Dungeon (4/15)             Temple (0/1) D:4

Altars:
Cheibriados
Gozag
Makhleb
Nemelex Xobeh
Okawaru
Uskayaw


Innate Abilities, Weirdness & Mutations

You have a pair of horns on your head.
You reflexively headbutt those who attack you in melee.


Message History

The gnoll hits you with a +1 halberd of freezing!
The gnoll freezes you.
The gnoll hits you from afar with a +0 spear.
There are monsters nearby!
You hit the gnoll but do no damage. Your headbutt misses the gnoll.
The gnoll is almost dead.
The gnoll closely misses you. The gnoll barely misses you.
The gnoll closely misses you.
Unknown command.
There are monsters nearby!
You barely miss the gnoll. You headbutt the gnoll.
You kill the gnoll!
Trog accepts your kill.
The gnoll throws a throwing net.
The throwing net hits you.
You become entangled in the net!
The gnoll hits you from afar with a +0 spear!
A gnoll comes into view. It is wielding a +1 whip of venom.
You are too injured to fight recklessly!
Unknown command.
You are too injured to fight recklessly!
You are too injured to fight recklessly!
You struggle against the net.
The gnoll closely misses you.
The gnoll hits you from afar with a +0 spear.
You tear a large gash into the net.
The gnoll hits you but does no damage.
The gnoll hits you from afar with a +0 spear.
You rip the net and break free!
The gnoll hits you from afar with a +0 spear.
* * * LOW HITPOINT WARNING * * *
The gnoll hits you from afar with a +0 spear.
* * * LOW HITPOINT WARNING * * *
The gnoll hits you with a +0 spear.
* * * LOW HITPOINT WARNING * * *
The gnoll hits you with a +0 spear.
* * * LOW HITPOINT WARNING * * *
The gnoll hits you with a +1 whip of venom.
* * * LOW HITPOINT WARNING * * *
You see here a +1 halberd of freezing.
It was a potion of magic.
Magic courses through your body. The gnoll barely misses you.
The gnoll hits you with a +0 spear.
You die...

#
#.####.########
# #.#
#.##...... #
#.# #.##.#####
#.# #.##.# # #
#.# #.##.# # #.
#.# #.##.## #
##.# #.#
#.#...####
####..g###.#
#.........
......g@...#
####...####
####..g#####
#.....## ##.#
#.##### #. #.#
..# . #.# .....
## #.# ....#
#)# #.#.# #.#
#.#.# #.#


You could see 3 gnolls.

Vanquished Creatures
  An ogre (D:4)
  2 orc priests (D:4)
  An iguana (D:3)
  An orc wizard (D:3)
  5 gnolls
  3 adders
  An ufetubus (D:4)
  20 orcs
  4 endoplasms
  3 giant cockroaches
  8 goblins
  4 hobgoblins
  3 jackals (D:1)
  A quokka (D:4)
  10 ball pythons
  A bat (D:3)
  3 frilled lizards
  5 kobolds
  7 rats
83 creatures vanquished.

Notes
Turn   | Place    | Note
-------+----------+-------------------------------------------
     0 | D:1      | thiscave3701365 the Minotaur Berserker began the quest for
                  | the Orb.
     0 | D:1      | Reached XP level 1. HP: 19/19 MP: 0/0
   334 | D:1      | Found a faded altar of an unknown god.
   408 | D:1      | Reached XP level 2. HP: 25/27 MP: 1/1
   927 | D:2      | Reached XP level 3. HP: 24/33 MP: 2/2
  1290 | D:2      | Reached XP level 4. HP: 41/41 MP: 3/3
  1527 | D:2      | Reached ** piety under Trog
  2566 | D:3      | Found a hide-covered altar of Uskayaw.
  2567 | D:3      | Found a burning altar of Makhleb.
  3232 | D:3      | Reached XP level 5. HP: 47/47 MP: 4/4
  4080 | D:4      | Reached skill level 5 in Fighting
  4627 | D:4      | Noticed an ogre
  4631 | D:4      | Killed an ogre
  4632 | D:4      | Reached skill level 5 in Axes
  4632 | D:4      | Reached XP level 6. HP: 35/56 MP: 5/5
  5104 | D:4      | Found an opulent altar of Gozag.
  5104 | D:4      | Found a sparkling altar of Nemelex Xobeh.
  5159 | D:4      | Found a staircase to the Ecumenical Temple.
  5549 | D:4      | Found an iron altar of Okawaru.
  5649 | D:4      | Found a snail-covered altar of Cheibriados.
  6074 | D:4      | HP: 1/56 [gnoll/+1 whip of venom (2)]
  6075 | D:4      | Slain by a gnoll

Illustrated notes

Levels and vault maps discovered:
D:1:      wander_arrival_lonely_grave, layout_basic,
          ebering_ecumenical_altar_rust
D:2:      layout_basic, minmay_misc_feat_tower, grunt_decor_mini_mirrors
D:3:      layout_basic, mainiacjoe_overflow_divided_tiny
D:4:      layout_loops_ring, grunt_temple_overflow_opulence,
          general_overflow_altar, mainiacjoe_overflow_24_doors, temple_doors_ab

Skill      XL: |  1  2  3  4  5 |
---------------+----------------+-----
Fighting       | 4 5 |  5.4
Axes           | 4 5 |  5.3
Armour         | 3 4 |  4.7
Dodging        | 3 4 |  4.1

Action                   |  1- 3 |  4- 6 || total
-------------------------+-------+-------++-------
Melee: Hand axe          |    39 |   127 ||   166
       Headbutt          |     6 |    15 ||    21
       Punch             |       |     1 ||     1
Invok: Berserk           |     1 |     7 ||     8
  Use: Potion            |       |     1 ||     1
Armor: Animal skin       |     7 |    15 ||    22
Dodge: Dodged            |    30 |    79 ||   109

Table legend: (Time is in decaauts)
 A = Elapsed time spent in this place.
 B = Non-inter-level travel time spent in this place.
 C = Inter-level travel time spent in this place.
 D = Time resting spent in this place.
 E = Time spent auto-exploring this place.
 F = Levels seen in this place.
 G = Mean time per level.
                   A        B        C        D        E       F      G
               +--------+--------+--------+--------+--------+-----+--------+
         Total |   6151 |   6049 |    102 |   2302 |   3322 |   4 | 1537.8 |
       Dungeon |   6151 |   6049 |    102 |   2302 |   3322 |   4 | 1537.8 |
               +--------+--------+--------+--------+--------+-----+--------+

Top non-repeatable levels by time:
     D:4: 2054 daAuts
     D:3: 1974 daAuts
     D:2: 1335 daAuts
     D:1: 786 daAuts
